Map: Récif abyssal EC

Players

Wren - Winner!

  • Race: Terran Terran
  • League: Platinum
  • Spawn Location: 5:00

zidar

  • Race: Zerg Zerg
  • League: Gold
  • Spawn Location: 11:00

VOD

Have the link to the VOD?

Description

Time

  • Played on: July 2, 2017, 6:17 a.m.
  • Length: 9:44
Show
View Real Time Build Order
Export as new Build Order

Wren Terran - Winner!

Build Orders: Reaper Expand 

Get SALT Encoding   

  12  0:02  SCV  
  13  0:15  SCV  
  14  0:21  Supply Depot  
  14  0:27  SCV  
  15  0:43  SCV  
  15  0:46  Barracks  
  16  0:55  SCV  
  17  0:59  Refinery  
  17  1:07  SCV  
  18  1:22  SCV  
  19  1:34  Orbital Command  
  19  1:35  Supply Depot  
  19  1:43  Reaper  
  20  1:53  Command Center  
  20  2:05  SCV  
  21  2:17  SCV  
  22  2:24  Factory  
  22  2:29  SCV  
  21  2:58  Barracks Reactor  
  21  3:03  SCV  
  22  3:06  Refinery, Orbital Command  
  22  3:15  SCV  
  22  3:16  Starport  
  23  3:27  SCV  
  24  3:36  Marine x2  
  24  3:41  Orbital Command  
  26  3:53  Starport Reactor  
  26  3:54  Marine x2  
  30  3:56  Widow Mine  
  30  4:03  Medivac  
  32  4:13  Supply Depot  
  32  4:18  SCV  
  35  4:25  Widow Mine  
  35  4:30  Marine x2, SCV  
  38  4:33  Medivac  
  38  4:36  Supply Depot  
  40  4:42  Barracks  
  40  4:43  SCV  
  41  4:48  Marine x2  
  41  4:50  SCV  
  44  4:55  SCV  
  44  4:59  Supply Depot  
  45  5:00  Factory Tech Lab  
  45  5:02  SCV  
  45  5:06  Marine x2  
  48  5:07  SCV  
  49  5:14  SCV  
  49  5:19  SCV  
  51  5:24  Marine x2  
  51  5:26  SCV, Siege Tank  
  57  5:31  SCV  
  58  5:38  SCV  
  58  5:42  Marine x2  
  61  5:43  SCV  
  59  5:55  SCV  
  57  5:59  Marine  
  57  6:00  Marine  
  57  6:01  Marine  
  52  6:17  Marine x2  
  54  6:24  Supply Depot  
  55  6:35  Marine x2  
  55  6:36  Barracks Tech Lab  
  56  6:42  Barracks  
  56  6:47  Supply Depot  
  56  6:53  Marine x2, Siege Tank  
  61  7:00  Supply Depot  
  61  7:04  SCV  
  61  7:07  Refinery  
  62  7:10  Refinery  
  62  7:14  SCV  
  63  7:16  Starport Reactor, SCV  
  63  7:21  Stimpack  
  63  7:22  Marine x2, Supply Depot  
  64  7:25  Siege Tank  
  64  7:28  SCV  
  70  7:40  Marine x2, SCV  
  73  7:45  Marauder, Supply Depot  
  73  7:46  Barracks Reactor  
  75  7:52  SCV  
  75  7:58  Marine x2  
  76  8:04  SCV  
  79  8:06  Marauder  
  79  8:08  Supply Depot  
  79  8:12  Engineering Bay  
  81  8:16  Marine x2, SCV  
  84  8:28  Marine x2, SCV  
  84  8:34  Marine x2, Medivac x2  
  87  8:39  Engineering Bay  
  87  8:41  SCV  
  94  8:46  Marine x2  
  96  8:59  Marauder  
  96  9:01  Marine x2  
  100  9:04  Marine x2, Medivac x2  
Show
View Real Time Build Order
Export as new Build Order

zidar Zerg 

Build Orders: Hatch First 

Get SALT Encoding   

  12  0:01  Drone  
  13  0:13  Overlord  
  13  0:17  Drone  
  14  0:31  Drone x2  
  16  0:51  Hatchery  
  16  0:54  Drone  
  16  0:58  Extractor  
  16  0:59  Drone  
  16  1:17  Spawning Pool  
  15  1:20  Drone  
  15  1:25  Drone  
  17  1:29  Drone  
  18  1:34  Drone  
  19  2:04  Queen x2  
  19  2:06  Metabolic Boost  
  23  2:10  Zergling x2  
  23  2:15  Zergling x2  
  25  2:18  Zergling x2  
  26  3:17  Roach Warren  
  25  3:29  Extractor  
  25  3:31  Drone x3  
  25  3:32  Drone  
  25  3:34  Overlord x4  
  28  3:57  Roach x7  
  28  3:58  Roach  
  43  4:20  Ravager x2  
  45  4:32  Roach x2  
  49  4:39  Overlord x2  
  49  4:51  Ravager  
  50  4:56  Roach  
  52  5:09  Roach  
  52  5:10  Roach x2  
  27  6:22  Roach  
  27  6:23  Roach x15  
  56  6:35  Drone x2  
  58  6:41  Lair  
  58  7:01  Extractor  
  58  7:03  Extractor  
  58  7:06  Drone x7  
  63  7:35  Overlord x3  
  63  7:50  Overseer  
  63  8:08  Drone x12  
  75  8:13  Ravager  
  75  8:14  Ravager x4  
  80  8:36  Spire  
  79  8:45  Drone x3  
  79  8:46  Drone  
  79  8:47  Evolution Chamber  
  82  9:07  Hatchery  
  80  9:44  Hatchery  
Tags
 
Add a new tag
Caveats
  • Supply blocks, unpowered buildings, or Contaminate may cause inaccurate times.
  • Supply counts are checked every 10 seconds.